PBL
HOUSTON COLT .45'S @ CALGARY FLAMES
09/13/2044
 
TOP OF THE 1ST
Houston Colt .45's batting - Pitching for Calgary Flames : LHP Dae-Jung Cho
Pitching: LHP Dae-Jung Cho
Batting: RHB Jarno van Lente 0-0: Foul Ball, location: 2F
0-1: Ball
1-1: Ball
2-1: Foul Ball, location: 2F
2-2: Strikes out swinging
Batting: RHB Nate Britton 0-0: Ball
1-0: Ball
2-0: Fly out, F9 (Flyball, 89S, EV 95.0 MPH)
Batting: RHB Bobby Dunn 0-0: Swinging Strike
0-1: Foul Ball, location: 2F
0-2: Ball
1-2: Ball
2-2: Ball
3-2: Base on Balls
Batting: SHB Chris Keziah 0-0: Ball
1-0: Ground out 4-3 (Groundball, 34, EV 76.9 MPH)
Top of the 1st over - 0 runs, 0 hits, 0 errors, 1 left on base; Houston 0 - Calgary 0
BOTTOM OF THE 1ST
Calgary Flames batting - Pitching for Houston Colt .45's : RHP Jaquan Alston
Pitching: RHP Jaquan Alston
Batting: RHB Dave McBain 0-0: Called Strike
0-1: Ball
1-1: Ball
2-1: Foul Ball, location: 2F
2-2: Fly out, F4 (Line Drive, 4, EV 66.2 MPH)
Batting: RHB Brian DeVoe 0-0: Foul Ball, location: 2F
0-1: Fly out, F7 (Flyball, 7LS, EV 89.4 MPH)
Batting: RHB Eric McMillian 0-0: Ball
1-0: Foul Ball, location: 2F
1-1: Ball
2-1: Ball
3-1: Called Strike
3-2: Foul Ball, location: 2F
3-2: Base on Balls
Batting: LHB Ramon Vega 0-0: Ball
1-0: Called Strike
1-1: Foul Ball, location: 2F
1-2: Foul Ball, location: 2F
1-2: Ground out 6-3 (Groundball, 6S, EV 63.8 MPH)
Bottom of the 1st over - 0 runs, 0 hits, 0 errors, 1 left on base; Houston 0 - Calgary 0
TOP OF THE 2ND
Houston Colt .45's batting - Pitching for Calgary Flames : LHP Dae-Jung Cho
Batting: RHB Juan Mendoza 0-0: Ball
1-0: Ground out 6-3 (Groundball, 56, EV 99.4 MPH)
Batting: LHB Bob Dietz 0-0: Fly out, F7 (Flyball, 7D, EV 86.2 MPH)
Batting: RHB Keith Goodwin 0-0: Ball
1-0: Ground out 6-3 (Groundball, 56, EV 79.4 MPH)
Top of the 2nd over - 0 runs, 0 hits, 0 errors, 0 left on base; Houston 0 - Calgary 0
BOTTOM OF THE 2ND
Calgary Flames batting - Pitching for Houston Colt .45's : RHP Jaquan Alston
Batting: RHB Kalidas Mishra 0-0: Ball
1-0: Ball
2-0: Called Strike
2-1: SINGLE (Groundball, 56D, EV 101.2 MPH)
Batting: RHB Ricardo Ortiz 0-0: Ball
1-0: Called Strike
1-1: Grounds into double play, 5-4-3 (Groundball, 15, EV 83.8 MPH)
Batting: LHB James McCauley 0-0: Ball
1-0: Ball
2-0: Ball
3-0: Base on Balls
Batting: RHB Ed Oake 0-0: Ball
1-0: Ball
2-0: Called Strike
2-1: SINGLE (Line Drive, 56, EV 96.9 MPH)
James McCauley to second
Batting: RHB Jon Groseclose 0-0: Ball
1-0: Called Strike
1-1: Called Strike
1-2: Fly out, F6 (Popup, 6M, EV 73.8 MPH)
Bottom of the 2nd over - 0 runs, 2 hits, 0 errors, 2 left on base; Houston 0 - Calgary 0
TOP OF THE 3RD
Houston Colt .45's batting - Pitching for Calgary Flames : LHP Dae-Jung Cho
Batting: RHB To-wai Chen 0-0: Ball
1-0: Ball
2-0: Foul Ball, location: 2F
2-1: Called Strike
2-2: Foul Ball, location: 2F
2-2: Fly out, F9 (Flyball, 9S, EV 92.5 MPH)
Batting: SHB Miguel Sierra 0-0: Called Strike
0-1: Ball
1-1: Ball
2-1: Ball
3-1: Foul Ball, location: 2F
3-2: Foul Ball, location: 2F
3-2: Base on Balls
Batting: RHB Jarno van Lente 0-0: Ball
Miguel Sierra steals 2nd base
1-0: Called Strike
1-1: Ball
2-1: Foul Ball, location: 2F
2-2: Ball
3-2: TRIPLE (Flyball, 78XD, EV 102.5 MPH)
Miguel Sierra scores
Batting: RHB Nate Britton 0-0: Ball
1-0: Called Strike
1-1: Ball
2-1: Foul Ball, location: 2F
2-2: Strikes out swinging
Batting: RHB Bobby Dunn 0-0: Called Strike
0-1: Foul Ball, location: 2F
0-2: Ball
1-2: Ball
2-2: Ball
3-2: Ground out 3-1 (Groundball, 34S, EV 85.6 MPH)
Top of the 3rd over - 1 run, 1 hit, 0 errors, 1 left on base; Houston 1 - Calgary 0
BOTTOM OF THE 3RD
Calgary Flames batting - Pitching for Houston Colt .45's : RHP Jaquan Alston
Batting: RHB Dave McBain 0-0: Ground out 6-3 (Groundball, 6, EV 91.9 MPH)
Batting: RHB Brian DeVoe 0-0: Foul Ball, location: 2F
0-1: Ball
1-1: Ball
2-1: Foul Ball, location: 2F
2-2: SINGLE (Groundball, 56D, EV 105.0 MPH)
Batting: RHB Eric McMillian 0-0: Ball
1-0: Foul Ball, location: 2F
1-1: Ball
2-1: Ball
3-1: Foul Ball, location: 2F
3-2: TRIPLE (Line Drive, 9D, EV 100.0 MPH)
Brian DeVoe scores
Batting: LHB Ramon Vega 0-0: Foul Ball, location: 2F
0-1: Ball
1-1: Ball
2-1: Fly out, F7 (Line Drive, 7, EV 94.4 MPH)
Batting: RHB Kalidas Mishra 0-0: Ball
1-0: Ball
2-0: Ball
3-0: Called Strike
3-1: Base on Balls
Batting: RHB Ricardo Ortiz 0-0: Ball
1-0: SINGLE (Flyball, 4D, EV 91.9 MPH)
Eric McMillian scores
Kalidas Mishra to second
Runner from 2nd tries for 3rd, SAFE, throw by RF made to third
Batting: LHB James McCauley 0-0: Ball
1-0: Ball
2-0: Ball
3-0: Called Strike
3-1: Base on Balls
Ricardo Ortiz to second
Batting: RHB Ed Oake 0-0: Called Strike
0-1: Ball
Passed Ball!
Kalidas Mishra scores
Ricardo Ortiz to third
James McCauley to second
1-1: Ball
2-1: Foul Ball, location: 2F
2-2: DOUBLE (Line Drive, 3D, EV 106.9 MPH)
Ricardo Ortiz scores
James McCauley scores
Batting: RHB Jon Groseclose 0-0: Called Strike
0-1: Ball
1-1: Ball
2-1: Ground out 5-3 (Groundball, 15, EV 81.9 MPH)
Bottom of the 3rd over - 5 runs, 4 hits, 0 errors, 1 left on base; Houston 1 - Calgary 5
TOP OF THE 4TH
Houston Colt .45's batting - Pitching for Calgary Flames : LHP Dae-Jung Cho
Batting: SHB Chris Keziah 0-0: Fly out, F7 (Flyball, 7LD, EV 83.1 MPH)
Batting: RHB Juan Mendoza 0-0: Called Strike
0-1: Ball
1-1: Ball
2-1: Foul Ball, location: 2F
2-2: Ball
3-2: Base on Balls
Batting: LHB Bob Dietz 0-0: Ball
1-0: 2-RUN HOME RUN (Flyball, 89XD, EV 106.9 MPH), Distance : 427 ft
Batting: RHB Keith Goodwin 0-0: Called Strike
0-1: Called Strike
0-2: Strikes out swinging
Batting: RHB To-wai Chen 0-0: Swinging Strike
0-1: Ball
1-1: Ground out 5-3 (Groundball, 56S, EV 88.1 MPH)
Top of the 4th over - 2 runs, 1 hit, 0 errors, 0 left on base; Houston 3 - Calgary 5
BOTTOM OF THE 4TH
Calgary Flames batting - Pitching for Houston Colt .45's : RHP Jaquan Alston
Batting: RHB Dave McBain 0-0: DOUBLE (Line Drive, 89D, EV 100.6 MPH)
Batting: RHB Brian DeVoe 0-0: Ball
1-0: Foul Ball, location: 2F
1-1: SINGLE (Flyball, 9S, EV 88.1 MPH)
Dave McBain to third
Runner from 3rd tries for Home, SAFE, throw by RF to home
Batting: RHB Eric McMillian 0-0: Ground out U3 (Groundball, 34S, EV 72.5 MPH)
Brian DeVoe to second
Batting: LHB Ramon Vega 0-0: Swinging Strike
0-1: Called Strike
0-2: Ball
1-2: Ground out 6-3 (Groundball, 6, EV 80.6 MPH)
Batting: RHB Kalidas Mishra 0-0: Ball
Passed Ball!
Brian DeVoe to third
1-0: Called Strike
1-1: Ball
2-1: Ground out 6-3 (Groundball, 6, EV 80.0 MPH)
Bottom of the 4th over - 1 run, 2 hits, 0 errors, 1 left on base; Houston 3 - Calgary 6
TOP OF THE 5TH
Houston Colt .45's batting - Pitching for Calgary Flames : LHP Dae-Jung Cho
Batting: SHB Miguel Sierra 0-0: Called Strike
0-1: Called Strike
0-2: Strikes out looking
Batting: RHB Jarno van Lente 0-0: Called Strike
0-1: Ball
1-1: Ground out 3-1 (Groundball, 34, EV 99.4 MPH)
Batting: RHB Nate Britton 0-0: Ball
1-0: Foul Ball, location: 2F
1-1: Swinging Strike
1-2: Strikes out looking
Top of the 5th over - 0 runs, 0 hits, 0 errors, 0 left on base; Houston 3 - Calgary 6
BOTTOM OF THE 5TH
Calgary Flames batting - Pitching for Houston Colt .45's : RHP Jaquan Alston
Batting: RHB Ricardo Ortiz 0-0: Fly out, F7 (Flyball, 78D, EV 93.8 MPH)
Batting: LHB James McCauley 0-0: Ball
1-0: SINGLE (Line Drive, 7S, EV 106.9 MPH)
Batting: RHB Ed Oake 0-0: Swinging Strike
0-1: Ball
1-1: Called Strike
1-2: Foul Ball, location: 2F
1-2: Ball
2-2: Ball
3-2: Foul Ball, location: 2F
3-2: Grounds into double play, 4-6-3 (Groundball, 4MS, EV 93.1 MPH)
Bottom of the 5th over - 0 runs, 1 hit, 0 errors, 0 left on base; Houston 3 - Calgary 6
TOP OF THE 6TH
Houston Colt .45's batting - Pitching for Calgary Flames : LHP Dae-Jung Cho
Batting: RHB Bobby Dunn 0-0: Ball
1-0: Foul Ball, location: 2F
1-1: Ball
2-1: Ball
3-1: Base on Balls
Batting: SHB Chris Keziah 0-0: Swinging Strike
0-1: Called Strike
0-2: Ball
1-2: Foul Ball, location: 2F
1-2: Foul Ball, location: 2F
1-2: Strikes out swinging
Batting: RHB Juan Mendoza 0-0: Foul Ball, location: 2F
0-1: Ball
1-1: Foul Ball, location: 2F
1-2: Strikes out swinging
Batting: LHB Bob Dietz 0-0: Ball
1-0: Foul Ball, location: 2F
1-1: Foul Ball, location: 2F
1-2: Strikes out swinging
Top of the 6th over - 0 runs, 0 hits, 0 errors, 1 left on base; Houston 3 - Calgary 6
BOTTOM OF THE 6TH
Calgary Flames batting - Pitching for Houston Colt .45's : RHP Jaquan Alston
Batting: RHB Jon Groseclose 0-0: Ball
1-0: Ball
2-0: Ball
3-0: Called Strike
3-1: Ground out U3 (Groundball, 34, EV 104.4 MPH)
Batting: RHB Dave McBain 0-0: Ball
1-0: Ball
2-0: Swinging Strike
2-1: Ground out 6-3 (Groundball, 6MS, EV 86.2 MPH)
Batting: RHB Brian DeVoe 0-0: Swinging Strike
0-1: Ball
1-1: DOUBLE (Flyball, 8LXD, EV 103.8 MPH)
Pitching: RHP Russ Greer
Batting: RHB Eric McMillian 0-0: Ball
1-0: Ball
2-0: Ball
3-0: Called Strike
3-1: Called Strike
3-2: Foul Ball, location: 2F
3-2: Base on Balls
Batting: LHB Ramon Vega 0-0: Foul Ball, location: 2F
0-1: Fly out, F6 (Line Drive, 6, EV 68.1 MPH)
Bottom of the 6th over - 0 runs, 1 hit, 0 errors, 2 left on base; Houston 3 - Calgary 6
TOP OF THE 7TH
Houston Colt .45's batting - Pitching for Calgary Flames : LHP Dae-Jung Cho
Batting: RHB Keith Goodwin 0-0: Called Strike
0-1: Ball
1-1: Ball
2-1: Foul Ball, location: 2F
2-2: Strikes out swinging
Batting: RHB To-wai Chen 0-0: Ball
1-0: Swinging Strike
1-1: Ground out 5-3 (Groundball, 56S, EV 71.2 MPH)
Batting: SHB Miguel Sierra 0-0: Foul Ball, location: 2F
0-1: Foul Ball, location: 2F
0-2: Strikes out swinging
Top of the 7th over - 0 runs, 0 hits, 0 errors, 0 left on base; Houston 3 - Calgary 6
BOTTOM OF THE 7TH
Calgary Flames batting - Pitching for Houston Colt .45's : RHP Russ Greer
Batting: RHB Kalidas Mishra 0-0: Foul Ball, location: 2F
0-1: Foul Ball, location: 2F
0-2: Ball
1-2: Strikes out swinging
Batting: RHB Ricardo Ortiz 0-0: Ball
1-0: Ball
2-0: Foul Ball, location: 2F
2-1: Ball
3-1: DOUBLE (Flyball, 89D, EV 93.8 MPH)
Pitching: RHP Tim Watson
Batting: LHB James McCauley 0-0: Called Strike
0-1: Foul Ball, location: 2F
0-2: Foul Ball, location: 2F
0-2: Ball
1-2: Fly out, F8 (Line Drive, 8RD, EV 110.0 MPH)
Batting: RHB Ed Oake 0-0: Foul Ball, location: 2F
0-1: Foul Ball, location: 2F
0-2: Ball
1-2: Ground out 4-3 (Groundball, 34, EV 100.6 MPH)
Bottom of the 7th over - 0 runs, 1 hit, 0 errors, 1 left on base; Houston 3 - Calgary 6
TOP OF THE 8TH
Houston Colt .45's batting - Pitching for Calgary Flames : LHP Dae-Jung Cho
Pitching: RHP Ching Ge
Batting: RHB Jarno van Lente 0-0: Called Strike
0-1: Swinging Strike
0-2: Ground out 4-3 (Groundball, 4MD, EV 99.4 MPH)
Batting: RHB Nate Britton 0-0: Called Strike
0-1: Ball
1-1: Called Strike
1-2: Ball
2-2: Foul Ball, location: 2F
2-2: Foul Ball, location: 2F
2-2: Ball
3-2: DOUBLE (Flyball, 78D, EV 115.0 MPH)
Batting: RHB Bobby Dunn 0-0: Swinging Strike
0-1: Ball
1-1: Ball
2-1: Ball
3-1: Fly out, F5 (Line Drive, 5, EV 65.6 MPH)
Lined into DP, 5-4 (Line Drive, 5, EV 66.2 MPH)
Top of the 8th over - 0 runs, 1 hit, 0 errors, 0 left on base; Houston 3 - Calgary 6
BOTTOM OF THE 8TH
Calgary Flames batting - Pitching for Houston Colt .45's : RHP Tim Watson
Batting: RHB Wally Cangro 0-0: Called Strike
0-1: Ball
1-1: Swinging Strike
1-2: Ground out 6-3 (Groundball, 6S, EV 84.4 MPH)
Batting: RHB Dave McBain 0-0: Ball
1-0: Fly out, F9 (Flyball, 9LM, EV 103.1 MPH)
Batting: RHB Brian DeVoe 0-0: Called Strike
0-1: Called Strike
0-2: Foul Ball, location: 2F
0-2: Ball
1-2: Ball
2-2: Foul Ball, location: 2F
2-2: Foul Ball, location: 2F
2-2: Ground out 6-3 (Groundball, 6, EV 107.5 MPH)
Bottom of the 8th over - 0 runs, 0 hits, 0 errors, 0 left on base; Houston 3 - Calgary 6
TOP OF THE 9TH
Houston Colt .45's batting - Pitching for Calgary Flames : RHP Ching Ge
Pitching: RHP Mike Swenson
Batting: SHB Chris Keziah 0-0: Ball
1-0: Fly out, F2 (Popup, 25F, EV 82.5 MPH)
Batting: RHB Juan Mendoza 0-0: Ball
1-0: Called Strike
1-1: Ball
2-1: SOLO HOME RUN (Flyball, 7D, EV 98.8 MPH), Distance : 398 ft
Batting: LHB Bob Dietz 0-0: Called Strike
0-1: Ball
1-1: Called Strike
1-2: Ball
2-2: Strikes out swinging
Batting: RHB Keith Goodwin 0-0: Ball
1-0: Foul Ball, location: 2F
1-1: Foul Ball, location: 2F
1-2: Strikes out swinging
Top of the 9th over - 1 run, 1 hit, 0 errors, 0 left on base; Houston 4 - Calgary 6
Thursday, March 31st , 2022 - OOTP Baseball 22.12 Build 89